AoeStats
← fgzsmrf

Arena

508365673Analyzed
2v2 RM · 12d ago on Sep 22, 2026· 52m 19s· 4 players
Game mode
Random Map
Map size
Medium (4 player)
Population
200
Speed
Normal
Resources
Standard
Victory
Conquest
Starting age
Dark Age
Ending age
Imperial Age
RankedLock teamsTeams togetherTeam positionsShared explorationLock speedFull tech treeHidden civsTurbo modeCheats
Victory
Defeat
🇺🇸 Bengalis · United States
1252
+22
🇺🇸 Ethiopians · United States
1227
+17
🇨🇱 Bohemians · Chile
1259
-16
🇵🇪 Turks · Peru
1252
-17
Knight Knight
10:31 Feudal Age
14:39 Castle Age
14:42 Horse Collar
15:19 Scale Barding Armor
15:13 Double-Bit Axe
16:39 Light Cavalry
21:58 Chain Barding Armor
22:38 Husbandry
22:52 Bloodlines
24:03 Forging
24:52 Heavy Plow
26:17 Husbandry
27:43 Bow Saw
28:40 Wheelbarrow
30:11 Iron Casting
29:54 Gold Mining
31:36 Loom
32:13 Stone Mining
32:48 Fletching
37:10 Imperial Age
36:11 Ballistics
35:49 Bodkin Arrow
39:00 Elite Elephant Archer
40:25 Hand Cart
41:12 Plate Barding Armor
40:39 Bracer
41:47 Chemistry
43:48 Paiks
44:58 Padded Archer Armor
45:35 Plate Barding Armor
46:00 Blast Furnace
45:48 Mahayana
46:06 Conscription
47:36 Leather Archer Armor
47:33 Siege Engineers
51:23 Ring Archer Armor
fgzsmrf
9:57 Feudal Age
13:30 Castle Age
12:22 Double-Bit Axe
12:21 Horse Collar
14:58 Loom
40:38 Town Watch
42:26 Elite Skirmisher
44:11 Heavy Plow
44:24 Bow Saw
47:27 Wheelbarrow
47:10 Fletching
47:34 Crossbowman
48:20 Thumb Ring
48:16 Bodkin Arrow
49:47 Hand Cart
49:25 Gold Mining
49:26 Stone Mining
53:05 Imperial Age
51:48 Ballistics
52:39 Gold Shaft Mining
52:40 Stone Shaft Mining
52:38 Padded Archer Armor
Dynamite
9:11 Loom
11:10 Feudal Age
13:00 Loom
15:38 Castle Age
14:21 Double-Bit Axe
18:45 Chemistry
20:03 Padded Archer Armor
22:52 Bow Saw
22:29 Horse Collar
31:42 Wheelbarrow
35:16 Imperial Age
32:18 Pikeman
32:58 Squires
35:21 Halberdier
37:20 Arson
37:36 Scale Mail Armor
37:47 Forging
38:34 Chain Mail Armor
40:09 Conscription
42:27 Plate Mail Armor
45:29 Elite Skirmisher
46:01 Fletching
46:27 Leather Archer Armor
47:36 Bodkin Arrow
TTV Riseb216
10:48 Feudal Age
15:03 Castle Age
14:02 Double-Bit Axe
14:16 Horse Collar
15:27 Wheelbarrow
17:16 Loom
38:48 Gold Mining
39:46 Heavy Plow
40:41 Bow Saw
46:14 Imperial Age
44:55 Gold Shaft Mining
46:31 Hand Cart
48:07 Scale Barding Armor
48:42 Forging
48:51 Husbandry
49:01 Bloodlines
48:13 Heavy Camel Rider
50:33 Two-Man Saw
50:20 Iron Casting
51:00 Chain Barding Armor
52:28 Blast Furnace
Connection lost

Rejoining the realm…

Still unreachable

The connection could not be restored.

Session expired

The server has moved on; the page needs a fresh start.